Map: Ice and Chrome LE

Players

DPGCure (Cure) - Winner!

  • Race: Terran Terran
  • League: Master
  • Spawn Location: 7:00

Maru

  • Race: Terran Terran
  • Spawn Location: 1:00

Event: DreamHack SC2 Masters 2020 Summer Season Finals

VOD

Have the link to the VOD?

Description

Time

  • Played on: July 18, 2020, 2:25 p.m.
  • Length: 23:15

All games in this series

Show
View Real Time Build Order
Export as new Build Order

DPGCure Terran - Winner!

Build Orders:  

Get SALT Encoding   

  12  0:00  SCV  
  13  0:12  SCV  
  14  0:17  Supply Depot  
  14  0:24  SCV  
  15  0:38  SCV  
  15  0:39  Barracks  
  15  0:42  Refinery  
  16  0:50  SCV  
  16  0:52  Refinery  
  17  1:03  SCV  
  18  1:15  SCV  
  19  1:25  Reaper  
  19  1:27  Supply Depot, Orbital Command  
  20  1:40  Factory  
  20  1:52  SCV  
  21  1:57  Reaper  
  22  2:04  SCV  
  23  2:16  Command Center  
  23  2:17  SCV  
  24  2:24  Hellion  
  27  2:30  Reaper  
  27  2:31  Supply Depot  
  27  2:34  SCV  
  28  2:46  SCV, Widow Mine  
  28  2:49  Starport  
  31  2:58  SCV  
  32  3:02  Barracks Tech Lab  
  32  3:07  Factory Tech Lab  
  32  3:10  SCV  
  33  3:19  Refinery  
  33  3:22  SCV  
  34  3:27  Cyclone  
  34  3:28  Orbital Command  
  34  3:29  Barracks Reactor  
  37  3:34  Banshee  
  37  3:38  SCV  
  39  3:50  SCV  
  39  3:53  SCV  
  41  3:59  Command Center  
  41  4:03  SCV  
  41  4:05  SCV  
  41  4:08  Supply Depot  
  43  4:13  Siege Tank  
  43  4:15  SCV  
  47  4:18  SCV  
  47  4:20  Raven  
  47  4:23  Marine  
  51  4:24  Marine  
  51  4:27  SCV  
  51  4:30  SCV  
  54  4:31  Supply Depot  
  54  4:40  SCV  
  54  4:42  SCV, Marine x2  
  54  4:43  Refinery  
  58  4:50  Siege Tank  
  58  4:52  SCV  
  62  4:54  SCV  
  63  5:03  Raven  
  63  5:04  SCV  
  63  5:06  SCV, Marine x2  
  69  5:14  Orbital Command  
  69  5:16  SCV  
  69  5:18  SCV  
  71  5:21  Supply Depot  
  71  5:23  Siege Tank  
  71  5:24  Marine x2  
  76  5:33  SCV  
  76  5:34  SCV  
  78  5:40  Orbital Command  
  78  5:41  Barracks x2  
  78  5:45  SCV  
  78  5:46  SCV  
  79  5:52  Engineering Bay  
  79  5:53  Supply Depot, Engineering Bay  
  79  5:55  Marine  
  79  5:56  Stimpack  
  80  5:57  Viking x2  
  80  6:02  Siege Tank  
  87  6:04  SCV x2  
  88  6:13  SCV, Marine  
  88  6:16  SCV x2  
  90  6:20  Terran Infantry Weapons Level 1, Terran Infantry Armor Level 1  
  90  6:22  Supply Depot  
  90  6:25  SCV  
  88  6:28  SCV, Barracks Reactor  
  88  6:29  Viking x2, Barracks Reactor  
  93  6:34  SCV  
  93  6:37  SCV  
  93  6:39  Marine  
  96  6:40  SCV, Siege Tank  
  96  6:41  Supply Depot  
  96  6:44  Supply Depot  
  100  6:51  Barracks  
  100  6:52  Barracks  
  100  6:54  SCV x3  
  103  6:59  Marine  
  108  7:07  Marine x2  
  108  7:08  Armory, SCV x2, Marine x2, Supply Depot  
  112  7:09  SCV  
  115  7:16  Refinery x2  
  115  7:20  Marine  
  116  7:22  Sensor Tower  
  116  7:23  Siege Tank  
  116  7:25  Medivac, Marine x4  
  116  7:26  SCV x3  
  124  7:30  Medivac  
  124  7:32  Supply Depot  
  126  7:38  SCV x3  
  126  7:41  Barracks Reactor x2  
  126  7:43  Marine x4  
  133  7:49  Supply Depot  
  133  7:50  Command Center  
  133  7:53  Marine  
  133  7:55  Supply Depot  
  133  7:56  Supply Depot  
  134  7:59  Medivac, Siege Tank  
  134  8:01  Combat Shield, Marine  
  134  8:04  SCV  
  141  8:10  SCV x2  
  141  8:11  Marine x3  
  141  8:12  Medivac, Marine  
  149  8:17  Marine x4  
  149  8:18  Supply Depot  
  149  8:19  Marine  
  154  8:20  Terran Infantry Armor Level 2  
  154  8:21  Supply Depot  
  154  8:27  Terran Infantry Weapons Level 2  
  154  8:29  Marine x4  
  158  8:35  Marine x2  
  158  8:38  Terran Vehicle Weapons Level 1  
  158  8:40  Marine x3  
  163  8:46  Factory  
  163  8:47  Marine x3  
  166  8:49  Marine  
  166  8:53  Marine x2  
  166  8:54  Siege Tank  
  172  8:56  Medivac  
  172  8:57  Marine  
  172  9:00  Medivac  
  172  9:01  Marine x2  
  179  9:02  Barracks  
  179  9:04  Barracks  
  179  9:05  Marine x2, Barracks  
  181  9:10  Sensor Tower  
  181  9:14  Marine x2  
  181  9:15  Marine x2  
  186  9:19  Marine  
  187  9:27  Marine x2  
  187  9:28  Marine  
  187  9:31  Siege Tank  
  187  9:32  Marine x3  
  187  9:35  Viking x2  
  196  9:40  Barracks Reactor  
  196  9:49  Planetary Fortress  
  196  9:54  Barracks Reactor x2  
  196  9:55  Barracks Reactor  
  196  10:01  Missile Turret x2  
  196  10:03  Command Center  
  196  10:04  Missile Turret  
  196  10:06  Missile Turret  
  196  10:11  Refinery  
  196  10:15  Refinery  
  196  10:24  Starport  
  196  10:27  Starport, Fusion Core  
  196  10:28  Starport  
  196  10:38  Marine x3  
  196  11:15  Marine x4  
  196  11:16  Command Center x2, Starport Tech Lab x2  
  196  11:17  Starport Tech Lab  
  196  11:18  Planetary Fortress, Command Center  
  200  11:21  Terran Infantry Weapons Level 3, Terran Infantry Armor Level 3  
  200  11:26  Marine x2  
  200  11:40  Marine  
  200  11:42  Marine  
  198  11:47  Refinery  
  198  11:48  Refinery  
  198  11:50  Command Center  
  198  11:52  Marine x2  
  200  12:06  Command Center x2  
  200  12:11  Siege Tank x2  
  178  12:25  Marine x8  
  178  12:28  Marine x6  
  178  12:29  Raven x3  
  193  12:30  Viking x2  
  182  12:43  Siege Tank x2  
  186  12:51  Marine x6  
  182  12:52  Marine x8  
  194  13:00  Viking  
  194  13:03  Orbital Command x2  
  196  13:05  Orbital Command  
  196  13:12  Raven x2  
  200  13:14  Marine  
  200  13:26  Orbital Command  
  200  13:32  Terran Vehicle Weapons Level 2  
  200  13:42  Corvid Reactor  
  198  13:57  Planetary Fortress  
  198  13:58  Hi-Sec Auto Tracking, Neosteel Armor  
  198  14:09  Command Center  
  194  14:12  Sensor Tower  
  173  14:17  Marine x8  
  173  14:18  Marine x4, Siege Tank x2  
  173  14:19  Medivac x2, Raven x2  
  199  14:33  Marine  
  200  14:51  Command Center  
  200  14:52  Sensor Tower  
  200  15:08  Starport x2  
  200  15:11  Starport  
  183  15:17  Marine x6  
  183  15:18  Marine x4  
  160  15:21  Marine x4  
  160  15:22  Marine x2  
  160  15:40  Marine x4  
  156  15:43  Siege Tank x2  
  156  15:48  Raven x2  
  156  15:49  Viking x2  
  165  15:52  Marine x4  
  165  15:53  Raven, Marine x4  
  172  16:02  Marine x8  
  180  16:04  Terran Vehicle Weapons Level 3  
  180  16:06  Planetary Fortress  
  180  16:09  Orbital Command  
  172  16:19  Viking x2  
  172  16:23  Starport Reactor x2  
  172  16:24  Starport Tech Lab  
  172  16:25  Marine  
  176  16:28  Siege Tank x2  
  176  16:31  Viking, Raven  
  189  16:36  Raven  
  189  16:40  Missile Turret  
  189  16:41  Missile Turret  
  189  16:49  Viking x2  
  193  16:55  Marine x2  
  193  16:56  Marine x2  
  193  16:59  Marine x6  
  198  17:06  Marine x4  
  198  17:08  Siege Tank  
  199  17:22  Marine  
  193  17:42  Marine x6  
  193  17:43  Marine x2  
  200  17:51  Raven x2  
  197  17:52  Marine x2  
  197  17:56  Marine x4  
  197  17:57  Marine x2  
  199  17:59  Command Center  
  199  18:00  Siege Tank  
  199  18:01  Marine x3  
  200  18:15  Marine x2  
  200  18:16  Marine x2  
  179  18:20  Marine x6  
  179  18:21  Marine x6, Siege Tank  
  188  18:29  Viking x2, Raven x2  
  188  18:30  Viking x2  
  188  18:33  Marine x3  
  184  18:51  Marine x4  
  184  18:52  Marine x4  
  184  18:54  Command Center  
  186  18:57  Marine x2  
  186  18:58  Raven, Marine x6  
  186  18:59  Viking x2, Raven  
  186  19:00  Viking x2  
  186  19:01  Viking x2  
  195  19:03  Refinery  
  195  19:05  Refinery x2  
  195  19:09  Marine x5  
  200  19:19  Marine x2  
  200  19:21  Marine x4  
  200  19:22  Marine x2, Siege Tank x2  
  200  19:23  Marine x2  
  162  19:28  Marine x6  
  162  19:35  Advanced Ballistics  
  162  19:37  Marine x2  
  164  19:38  Marine x2  
  164  19:39  Marine x2  
  164  19:40  Marine x4  
  164  19:41  Raven  
  164  19:42  Raven x3  
  178  19:46  Marine x2  
  178  19:48  Marine x4  
  182  19:54  Marine x2, Siege Tank x2  
  182  19:56  Marine x4  
  190  20:12  Marine x6  
  194  20:16  Marine x4  
  197  20:24  Raven  
  197  20:25  Raven  
  197  20:26  Raven x2  
  197  20:28  Marine x4  
  195  20:34  Marine x4  
  199  20:41  Marine x3  
  197  20:43  Marine x4  
  197  20:49  Marine  
  200  21:02  Marine x3  
  187  21:10  Marine x2  
  187  21:11  Marine x8  
  117  21:19  Medivac x3, Orbital Command  
  117  21:20  Raven, Marine x3  
  117  21:21  Raven x2  
  117  21:23  Siege Tank  
  131  21:26  Orbital Command  
  131  21:28  Marine x4  
  131  21:29  Marine x2  
  137  21:33  Siege Tank  
  137  21:39  Missile Turret, Marine x7  
  147  21:46  Marine x6  
  153  21:52  Refinery  
  153  21:55  Siege Tank  
  153  21:56  Marine  
  153  21:57  Marine x6  
  153  21:59  Medivac x2, Starport Tech Lab  
  167  22:04  Marine x6  
  173  22:14  Marine x4  
  173  22:15  Raven, Marine x2  
  179  22:21  Siege Tank  
  184  22:28  Marine x4  
  179  22:37  Marine x2  
  179  22:40  Marine x4  
  179  22:41  Marine x3  
  179  22:42  Siege Tank  
  160  22:45  Marine x4  
  166  22:55  Marine x2  
Show
View Real Time Build Order
Export as new Build Order

Maru Terran 

Build Orders:  

Get SALT Encoding   

  12  0:00  SCV  
  13  0:12  SCV  
  14  0:16  Supply Depot  
  14  0:24  SCV  
  15  0:38  SCV  
  15  0:40  Barracks  
  16  0:43  Refinery  
  16  0:50  SCV  
  16  0:52  Refinery  
  17  1:02  SCV  
  18  1:14  SCV  
  19  1:27  Reaper, Orbital Command  
  19  1:28  Supply Depot  
  20  1:42  Factory  
  20  1:54  SCV  
  21  1:59  Reaper  
  22  2:06  SCV  
  23  2:18  SCV  
  23  2:22  Command Center  
  24  2:28  Hellion  
  26  2:30  SCV  
  26  2:33  Reaper  
  28  2:38  Supply Depot  
  28  2:42  SCV  
  29  2:49  Hellion  
  31  2:56  Starport  
  31  3:00  SCV  
  32  3:11  Factory Tech Lab  
  32  3:12  Barracks Reactor, SCV  
  33  3:21  Refinery  
  33  3:24  SCV  
  34  3:29  Cyclone  
  34  3:32  Starport Tech Lab  
  37  3:36  SCV  
  36  3:45  Orbital Command  
  36  3:50  SCV  
  36  3:51  Raven  
  36  3:52  Marine  
  36  3:53  Marine  
  41  4:02  SCV  
  42  4:07  Siege Tank  
  45  4:11  SCV  
  45  4:13  Marine x2  
  45  4:14  SCV  
  45  4:16  Supply Depot  
  49  4:23  SCV  
  50  4:26  SCV  
  50  4:29  Supply Depot  
  51  4:33  Raven  
  51  4:35  SCV  
  54  4:38  SCV  
  54  4:42  Command Center  
  55  4:48  Siege Tank  
  57  4:53  SCV x2  
  57  4:57  Refinery  
  59  5:05  SCV x2  
  60  5:10  Marine x2  
  62  5:17  SCV x2  
  64  5:27  Supply Depot  
  64  5:29  SCV x2  
  64  5:30  Barracks x2  
  64  5:31  Siege Tank  
  69  5:40  Viking  
  70  5:45  SCV  
  70  5:49  Viking, SCV  
  73  5:55  Engineering Bay x2  
  73  5:57  SCV, Orbital Command  
  73  6:01  SCV  
  73  6:02  Stimpack  
  75  6:07  Siege Tank  
  75  6:09  SCV  
  78  6:13  SCV  
  76  6:21  SCV, Orbital Command  
  76  6:22  Viking x2  
  76  6:25  SCV  
  81  6:28  Barracks Reactor  
  81  6:29  Barracks Reactor  
  81  6:30  Supply Depot  
  81  6:31  Terran Infantry Weapons Level 1  
  81  6:32  Terran Infantry Armor Level 1  
  81  6:34  Marine  
  81  6:36  SCV  
  81  6:37  SCV  
  84  6:45  Siege Tank  
  87  6:47  SCV  
  87  6:48  SCV  
  87  6:49  SCV  
  87  6:51  Supply Depot  
  87  6:52  Marine  
  91  6:59  SCV, Sensor Tower  
  91  7:00  SCV  
  93  7:01  SCV  
  93  7:05  Viking x2  
  98  7:11  SCV  
  98  7:12  Supply Depot  
  98  7:13  SCV x2, Supply Depot  
  101  7:21  Marine x5  
  106  7:23  SCV  
  106  7:24  Supply Depot, Refinery x2  
  106  7:25  SCV  
  106  7:26  SCV  
  109  7:34  Siege Tank  
  109  7:35  SCV, Barracks  
  109  7:36  Barracks  
  109  7:37  Armory, SCV  
  113  7:40  Supply Depot x2  
  113  7:41  SCV  
  115  7:44  Combat Shield  
  115  7:48  SCV, Medivac  
  115  7:49  SCV, Medivac  
  115  7:50  Marine x2  
  123  7:52  Marine x2  
  125  8:01  SCV x3  
  128  8:06  Siege Tank  
  128  8:12  Supply Depot, Command Center  
  131  8:19  Viking x2  
  135  8:26  SCV  
  136  8:28  Supply Depot  
  136  8:31  Missile Turret  
  136  8:32  Terran Infantry Armor Level 2, Terran Infantry Weapons Level 2  
  136  8:33  Missile Turret  
  135  8:36  Marine  
  135  8:37  Barracks Reactor x2, Marine  
  137  8:41  SCV  
  137  8:42  SCV x2  
  138  8:50  Marine x3  
  138  8:52  Terran Vehicle Weapons Level 1, Supply Depot  
  138  8:53  Siege Tank  
  138  8:54  Marine  
  145  8:56  Factory  
  145  8:59  SCV x2  
  147  9:02  Sensor Tower  
  147  9:05  Missile Turret  
  147  9:06  Missile Turret  
  147  9:15  Medivac x2  
  151  9:18  SCV x3  
  151  9:23  Marine  
  151  9:24  Marine x3  
  157  9:25  Marine  
  159  9:33  Planetary Fortress  
  159  9:38  Marine x3, Siege Tank  
  165  9:42  Supply Depot, Refinery x2  
  165  9:44  Barracks Reactor  
  165  9:46  Marine  
  165  9:47  Marine x4  
  170  9:55  Marine  
  170  9:56  Marine  
  170  9:59  Command Center  
  172  10:04  Marine, Starport  
  172  10:05  Marine x5  
  172  10:06  Starport  
  178  10:12  Siege Tank x2  
  178  10:13  Marine x2  
  186  10:28  Supply Depot, Command Center  
  186  10:49  Terran Infantry Armor Level 3  
  192  10:50  Starport Tech Lab x2  
  192  10:52  Viking x2  
  192  10:55  Supply Depot  
  190  10:57  Siege Tank  
  190  11:12  Marine  
  190  11:14  Raven x2  
  190  11:18  Corvid Reactor  
  195  11:22  Barracks  
  195  11:23  Barracks  
  195  11:24  Barracks  
  195  11:25  Marine  
  196  11:28  Terran Vehicle Weapons Level 2  
  196  11:32  Marine x2  
  195  11:35  Marine  
  195  11:36  Marine x3, Siege Tank x2  
  195  11:38  Viking  
  195  11:39  Marine  
  194  11:40  Marine x2  
  194  11:43  SCV x3  
  196  11:48  SCV  
  196  11:51  Marine  
  196  11:52  Marine  
  196  11:53  Marine  
  175  12:30  Viking x2, Raven  
  175  12:31  Marine x7  
  175  12:32  Siege Tank x2  
  181  12:38  Marine x6  
  187  12:45  Starport Tech Lab  
  187  12:49  Marine x2  
  187  12:51  Marine x5  
  187  12:56  Marine x3  
  195  12:59  Planetary Fortress  
  195  13:00  Supply Depot  
  195  13:04  Refinery  
  195  13:19  Sensor Tower  
  195  13:22  Marine x2, Siege Tank  
  195  13:25  Command Center  
  195  13:26  Terran Infantry Weapons Level 3  
  200  13:31  Refinery x2  
  200  14:00  Sensor Tower  
  200  14:01  Missile Turret  
  200  14:02  Missile Turret  
  200  14:05  Marine  
  200  14:10  Marine  
  200  14:11  Siege Tank  
  200  14:14  Marine  
  200  14:15  Marine x3  
  200  14:16  Marine x7  
  152  14:17  Liberator  
  152  14:18  Viking, Raven, Liberator  
  152  14:19  Siege Tank  
  152  14:20  Planetary Fortress  
  152  14:22  SCV x2  
  152  14:23  SCV, Marine  
  163  14:28  Marine  
  164  14:31  Marine  
  164  14:33  Marine x7  
  164  14:34  SCV, Marine  
  174  14:43  Siege Tank  
  174  14:44  Marine  
  178  14:45  Marine  
  178  14:48  Viking  
  178  14:51  Siege Tank  
  184  14:52  Marine x2  
  184  14:53  Marine x6  
  194  15:01  Barracks Reactor x3, Raven  
  194  15:02  Orbital Command  
  189  15:15  Marine x7  
  189  15:18  Marine, Siege Tank  
  189  15:20  Marine  
  189  15:21  Marine  
  154  15:25  Siege Tank  
  154  15:32  Marine  
  154  15:33  Orbital Command, Marine x5  
  160  15:38  Marine x4  
  160  15:40  Raven  
  158  15:44  Raven  
  160  15:50  SCV x3  
  160  15:51  Siege Tank  
  164  15:57  Siege Tank  
  164  16:02  SCV x2  
  161  16:05  SCV x2  
  163  16:14  SCV  
  163  16:15  SCV  
  165  16:19  Marine x8  
  173  16:27  Raven x2, Sensor Tower  
  173  16:29  Viking, Marine x5  
  184  16:33  Terran Vehicle Weapons Level 3  
  184  16:39  Marine x5  
  189  16:47  Marine x5  
  189  16:48  Marine x2  
  196  17:06  Marine  
  196  17:07  Marine x7  
  199  17:21  Marine x8  
  199  17:24  Marine  
  199  17:34  Marine  
  192  18:00  Supply Depot, Command Center  
  192  18:02  Supply Depot  
  189  18:12  Orbital Command  
  189  18:14  Marine x5  
  189  18:15  Siege Tank  
  189  18:16  Siege Tank  
  189  18:19  Marine x2  
  163  18:20  Marine x9  
  173  18:30  Raven x2  
  173  18:32  Marine x5  
  182  18:37  Marine x2  
  182  18:39  Medivac x2  
  188  18:41  Marine x5  
  188  18:47  Siege Tank  
  188  18:48  Siege Tank  
  199  18:50  Marine x3  
  199  18:52  Neosteel Armor  
  188  18:58  Marine x3  
  188  18:59  Marine x3  
  190  19:06  Command Center  
  190  19:09  Medivac x2  
  194  19:20  Siege Tank x2  
  173  19:25  Marine x4  
  173  19:26  Marine x4  
  181  19:37  Marine x2  
  181  19:38  Marine x4  
  183  19:46  Marine  
  183  19:47  Raven, Marine  
  183  19:48  Marine  
  183  19:49  Marine x7  
  183  19:52  Siege Tank  
  194  19:55  Marine x2  
  194  20:08  Marine  
  194  20:11  Marine x3  
  190  20:21  Marine x2  
  189  20:27  Marine  
  189  20:28  Marine x3  
  188  20:32  Hi-Sec Auto Tracking  
  188  20:34  Raven, Marine  
  188  20:35  Marine x9  
  200  20:48  Marine  
  200  20:49  Viking  
  199  20:56  Marine  
  200  21:02  Marine x5  
  200  21:04  Marine x9, Siege Tank x2  
  189  21:06  Marine  
  171  21:13  Marine  
  123  21:20  Marine x5  
  123  21:22  Marine x9  
  123  21:24  Refinery x2, Marine  
  129  21:27  Medivac  
  129  21:29  SCV  
  129  21:31  Marine  
  133  21:37  Marine  
  133  21:38  Marine x4  
  133  21:39  Marine  
  138  21:40  Marine  
  138  21:41  Medivac  
  138  21:42  Marine x5  
  138  21:44  Marine  
  148  21:55  Marine x5  
  148  21:56  Marine x2  
  148  21:58  Medivac  
  157  22:06  Marine  
  157  22:07  Marine x8  
  166  22:11  Raven  
  166  22:12  Marine  
  169  22:29  Marine  
  170  22:36  Marine  
  160  22:39  Marine x8  
  160  22:40  Siege Tank  
  160  22:42  Marine x6  
  124  22:47  Marine  
  128  22:54  Marine  
  128  22:57  Marine x4  
Tags
 
Add a new tag
Caveats
  • Supply blocks, unpowered buildings, or Contaminate may cause inaccurate times.
  • Supply counts are checked every 10 seconds.